 Dungeon Crawl Stone Soup version 0.23.2 (webtiles) character file.

Game seed: 830713166239541628

3081 Dorkslayer the Slasher (level 9, -15/64 HPs)
             Began as an Octopode Fighter on Sept 7, 2019.
             Was an Initiate of Dithmenos.
             Demolished by an orc warrior
             ... wielding a +0 glaive
              (22 damage)
             ... on level 8 of the Dungeon on Sept 8, 2019.
             The game lasted 00:43:28 (7239 turns).

Dorkslayer the Slasher (Octopode Fighter)           Turns: 7239, Time: 00:43:28

Health: -15/64     AC:  1    Str: 18    XL:     9   Next: 89%
Magic:  12/12      EV: 13    Int: 14    God:    Dithmenos [......]
Gold:   385        SH: 12    Dex: 12    Spells: 8/8 levels left

rFire    . . .     SeeInvis .   a - +2 long sword
rCold    . . .     Gourm    .   b - +3 shield
rNeg     . . .     Faith    .   (helmet restricted)
rPois    .         Spirit   .   (no amulet)
rElec    .         Reflect  .   q - ring of wizardry
rCorr    .         Harm     .   y - +4 ring of intelligence
MR       .....                  (no ring)
Stlth    ++++......             (no ring)
HPRegen  0.20/turn              (no ring)
MPRegen  0.13/turn              (no ring)
                                (no ring)
                                (no ring)

@: hasted, very quick
A: almost no armour, stealthy swim, amphibious, 8 rings, constrict 8, camouflage
1, gelatinous body 1
a: Renounce Religion


You were on level 8 of the Dungeon.
You worshipped Dithmenos.
Dithmenos was noncommittal.
You were not hungry.

You visited 2 branches of the dungeon, and saw 9 of its levels.
You also visited: Ossuary.

You collected 385 gold pieces.

Inventory:

Hand Weapons
 a - a +2 long sword (weapon)
 s - a +0 blowgun
Missiles
 n - 8 needles of sleeping
 t - 57 poisoned needles
 D - 4 tomahawks
 H - 2 javelins (quivered)
Armour
 b - a +3 shield (worn)
Jewellery
 q - a ring of wizardry (left tentacle)
 y - a +4 ring of intelligence (right tentacle)
Wands
 v - a wand of clouds (4)
Scrolls
 c - 3 scrolls of fog
 f - 5 scrolls of remove curse
 g - 8 scrolls of teleportation
 k - a scroll of torment {unknown}
 l - a scroll of fear
 r - a scroll of summoning {unknown}
 z - a scroll of silence {unknown}
 B - 2 scrolls of magic mapping
 E - a scroll of amnesia {unknown}
Potions
 e - 4 potions of lignification
 h - a potion of cancellation {unknown}
 i - a potion of flight {unknown}
 j - 3 potions of berserk rage
 m - 4 potions of curing
 o - 4 potions of haste
 u - 2 potions of brilliance
 w - 3 potions of might
 x - a potion of magic {unknown}
 A - a potion of mutation {unknown}
 C - 2 potions of invisibility
Comestibles
 d - 12 rations


   Skills:
 * Level 7.1 Fighting
 + Level 7.2 Long Blades
 + Level 5.3 Throwing
 + Level 4.7 Dodging
 + Level 5.3 Stealth
 + Level 4.8 Shields
 * Level 4.3 Evocations


You had 8 spell levels left.
You didn't know any spells.
Your spell library was empty.

Dungeon Overview and Level Annotations

Branches:
Dungeon (8/15)             Temple (1/1) D:6            Lair (0/6) D:8

Altars:
Ashenzari
Cheibriados
Dithmenos
Elyvilon
Fedhas
Gozag
Hepliaklqana
Kikubaaqudgha
Makhleb
Nemelex Xobeh
Ru
Vehumet
The Shining One

Shops:
D:6 [


Innate Abilities, Weirdness & Mutations

You cannot wear most types of armour.
You are very stealthy in the water. (Stealth+)
You are amphibious.
You can wear up to eight rings at the same time.
You can use your tentacles to constrict eight enemies at once.
Your skin changes colour to match your surroundings (Stealth+).
Your rubbery body absorbs attacks. (AC +1, EV +1)


Message History

* * * LOW HITPOINT WARNING * * *
You block the orc's attack. You block the orc warrior's attack.
Evoke which item? (* to show all) (? for menu, Esc to quit)
Aiming: Corrosive Bolt
Press: ? - help, Shift-Dir - straight line, f - orc warrior
Aim: an orc warrior, wielding a +0 glaive and wearing a +0 plate armour The bolt of acid hits the orc warrior!
The orc warrior is splashed with acid.
The orc warrior is heavily wounded.
The bolt of acid hits the orc!!
The orc is splashed with acid!
The acid corrodes the orc!
You kill the orc!
Dithmenos accepts your kill.
The now-empty wand crumbles to dust.
You block the orc's attack.
Wield which item (- for none, * to show all)? (? for menu, Esc to quit)
Okay, then.
You feel yourself speed up. You block the orc warrior's attack.
The orc hits you with a +0 flail.
* * * LOW HITPOINT WARNING * * *
The orc warrior hits you from afar with a +0 glaive!!
You die...

*****,*>,,,,#..........* *,*
*,*,*,**#..........# *,* *,*,,,*
#..........# *,* *,**,,*
#..........# *,* *,,,,,*
#..........# *,*
*********,###..).......#**,*
,,,,* *,#...oo..<....+,,,* ***,*
*,#.#...o......#**** *,*
*,#.#...@......# *,*
*,#.############
***+*****,#.#####################
,,,,,,,**,#.........)...........<
,,,,,,,**,#######################
,,,,,,,**,,,,,,,,,,,,*
***,****************,*
*,,,,,,,,,,,,,,,,*,*
****************,*,*


You could see an orc warrior and 2 orcs.

Vanquished Creatures
  Pikel (D:4)
  Grinder (D:6)
  A hippogriff (D:7)
  A hungry ghost (D:5)
  Menkaure (Ossuary)
  4 slaves (D:4)
  2 sky beasts
  4 orc warriors
  3 ogres
  2 phantoms
  A centaur (D:5)
  A big kobold (D:7)
  2 howler monkeys (D:5)
  A centaur zombie (D:7)
  2 crimson imps (D:6)
  2 hounds
  A jelly (D:6)
  7 orc wizards
  An iguana (D:4)
  3 worker ants
  3 mummies (Ossuary)
  A gnoll (D:1)
  7 adders
  A shadow imp (D:6)
  2 oozes (D:3)
  An adder skeleton (D:4)
  8 worms
  3 dart slugs
  7 leopard geckos
  14 orcs
  2 ball pythons (D:1)
  7 bats
  15 giant cockroaches
  6 goblins
  6 hobgoblins
  13 jackals
  6 quokkas
  5 frilled lizards
  A giant cockroach zombie (D:5)
  A gnoll skeleton (Ossuary)
  6 gnoll zombies (Ossuary)
  4 goblin skeletons (Ossuary)
  3 goblin zombies (Ossuary)
  4 hobgoblin skeletons (Ossuary)
  5 hobgoblin zombies (Ossuary)
  11 kobolds
  7 kobold skeletons (Ossuary)
  5 kobold zombies (Ossuary)
  4 orc skeletons (Ossuary)
  2 orc zombies (Ossuary)
  A quokka zombie (D:6)
  8 rats
  5 rat skeletons (Ossuary)
  4 rat zombies (Ossuary)
219 creatures vanquished.

Notes
Turn   | Place    | Note
-------+----------+-------------------------------------------
     0 | D:1      | Dorkslayer the Octopode Fighter began the quest for the
                  | Orb.
     0 | D:1      | Reached XP level 1. HP: 16/16 MP: 1/1
    54 | D:1      | Reached XP level 2. HP: 21/21 MP: 2/2
   613 | D:1      | Reached XP level 3. HP: 25/26 MP: 3/3
   651 | D:1      | Reached skill level 1 in Stealth
  1085 | D:2      | Reached XP level 4. HP: 26/31 MP: 4/4
  2129 | D:3      | Reached XP level 5. HP: 37/37 MP: 5/5
  2928 | D:3      | Reached skill level 1 in Throwing
  3309 | D:4      | Noticed an ogre
  3320 | D:4      | Killed an ogre
  3320 | D:4      | Reached XP level 6. HP: 25/43 MP: 6/6
  3359 | D:4      | Noticed Pikel
  3360 | D:4      | Noticed a slave
  3360 | D:4      | Noticed a slave
  3360 | D:4      | Noticed a slave
  3360 | D:4      | Noticed a slave
  3372 | D:4      | Killed a slave
  3377 | D:4      | Killed a slave
  3381 | D:4      | Killed a slave
  3382 | D:4      | Killed a slave
  3395 | D:4      | Killed Pikel
  3395 | D:4      | Reached skill level 5 in Long Blades
  3395 | D:4      | Reached XP level 7. HP: 33/49 MP: 7/7
  3880 | D:5      | Entered Level 5 of the Dungeon
  3890 | D:5      | Found a sand-covered staircase.
  3899 | Ossuary  | Entered an ossuary
  4220 | Ossuary  | Noticed Menkaure
  4224 | Ossuary  | Killed Menkaure
  4224 | Ossuary  | Reached skill level 5 in Fighting
  4224 | Ossuary  | Reached XP level 8. HP: 39/55 MP: 8/8
  4307 | D:5      | Reached skill level 1 in Evocations
  5174 | D:5      | Reached XP level 9. HP: 46/62 MP: 10/10
  5582 | D:6      | Found Ubittokh's Antique Armour Boutique.
  5582 | D:6      | Found a blossoming altar of Fedhas.
  5763 | D:6      | Noticed Grinder
  5956 | D:6      | Reached skill level 5 in Throwing
  6130 | D:6      | Reached skill level 5 in Stealth
  6190 | D:6      | Found a staircase to the Ecumenical Temple.
  6196 | Temple   | Entered the Ecumenical Temple
  6205 | Temple   | Became a worshipper of Dithmenos the Shadowed
  6311 | D:6      | Killed Grinder
  7239 | D:8      | Demolished by an orc warrior

Skill      XL: |  1  2  3  4  5  6  7  8  9 |
---------------+----------------------------+-----
Stealth        | 1 2 3 4 5 |  5.3
Long Blades    | 3 5 6 7 |  7.2
Throwing       | 1 2 3 4 5 |  5.3
Fighting       | 4 5 7 |  7.1
Shields        | 4 |  4.8
Evocations     | 2 4 |  4.3
Dodging        | 4 |  4.7

Action                   |  1- 3 |  4- 6 |  7- 9 || total
-------------------------+-------+-------+-------++-------
Melee: Long sword        |    60 |   107 |   198 ||   365
       Constrict         |    16 |    34 |    49 ||    99
       Tentacles         |    14 |    19 |    46 ||    79
 Fire: Blowgun           |       |     5 |     5 ||    10
Throw: Tomahawk          |       |     9 |    17 ||    26
       Javelin           |       |    12 |    92 ||   104
Evoke: Wand              |       |       |    14 ||    14
  Use: Scroll            |     2 |     4 |    14 ||    20
       Potion            |       |     2 |     6 ||     8
 Stab: Sleeping          |     4 |     8 |     4 ||    16
       Distracted        |       |       |     1 ||     1
       Paralysed         |       |       |     6 ||     6
  Eat: Chunk             |     1 |     6 |    11 ||    18
       Ration            |       |     1 |       ||     1
Armor: Skin              |     7 |     4 |     8 ||    19
Dodge: Dodged            |    31 |    33 |    72 ||   136
Block: Shield            |    20 |    35 |    79 ||   134
       Rpst.: Long sword |    11 |     7 |    21 ||    39
